 Dungeon Crawl Stone Soup version 0.29.1-4-g47bece8355 (webtiles) character file.

Game seed: 1770135511317199069

45 sanboga the Ducker (level 3, -4/35 HPs)
             Began as a Gnoll Monk on Dec 5, 2022.
             Slain by Grinder (6 damage)
             ... while paralysed by Grinder
             ... on level 3 of the Dungeon.
             The game lasted 00:02:10 (2079 turns).

sanboga the Ducker (Gnoll Monk)                     Turns: 2079, Time: 00:02:10

Health: -4/35      AC:  6    Str: 12    XL:     3   Next: 64%
Magic:  4/4        EV:  2    Int:  9    God:
Gold:   164        SH:  0    Dex: 14    Spells: 4/4 levels left

rFire   . . .      SeeInvis .   l - +0 flail
rCold   . . .      Faith    .   (no shield)
rNeg    . . .      Spirit   .   o - +0 ring mail
rPois   .          Reflect  .   (no helmet)
rElec   .          Harm     .   m - +0 cloak
rCorr   .          Rampage  .   (no gloves)
Will    .....                   (no boots)
Stlth   ++........              (no amulet)
HPRegen 0.11/turn               d - ring of flight
MPRegen 0.09/turn               (no ring)

@: paralysed, brilliant, weak-willed, on berserk cooldown, flying, hasted and
slowed
A: fangs 1, strong nose, distributed training
a: no special abilities


You were on level 3 of the Dungeon.
You visited 1 branch of the dungeon, and saw 3 of its levels.

You collected 164 gold pieces.

Inventory:

Hand Weapons
 l - a +0 flail (weapon)
Armour
 k - a +1 pair of boots
 m - a +0 cloak (worn)
 o - a +0 ring mail (worn)
Jewellery
 d - a ring of flight (left hand)
 i - a ring of fire
Scrolls
 b - a scroll of teleportation {unknown}
 e - a scroll of enchant weapon {unknown}
 g - a scroll of identify {unknown}
Potions
 c - a potion of ambrosia
 f - a potion of mutation {unknown}


   Skills:
 + Level 6.5 Fighting
 + Level 1.0 Short Blades
 + Level 1.0 Long Blades
 + Level 1.0 Axes
 + Level 6.5 Maces & Flails
 + Level 1.0 Polearms
 + Level 1.0 Staves
 + Level 1.0 Ranged Weapons
 + Level 1.0 Throwing
 + Level 1.0 Armour
 + Level 6.5 Dodging
 + Level 4.2 Stealth
 + Level 1.0 Shields
 + Level 1.0 Unarmed Combat
 + Level 1.0 Spellcasting
 + Level 0.7 Conjurations
 + Level 0.7 Hexes
 + Level 0.7 Summonings
 + Level 0.7 Necromancy
 + Level 0.7 Translocations
 + Level 0.7 Transmutations
 + Level 0.7 Fire Magic
 + Level 0.7 Ice Magic
 + Level 0.7 Air Magic
 + Level 0.7 Earth Magic
 + Level 0.7 Poison Magic
 + Level 1.0 Invocations
 + Level 1.0 Evocations


You had 4 spell levels left.
You didn't know any spells.
Your spell library contained the following spells:

 Spells                   Type           Power      Damage    Failure   Level
 Magic Dart               Conj           8%         1d3       54%         1
 Searing Ray              Conj           4%         2d4       67%         2
 Fulminant Prism          Conj/Hex       1%         3d6       99%         4


Dungeon Overview and Level Annotations

Branches:
Dungeon (3/15)

Altars:

Annotations:
D:3 Grinder


Innate Abilities, Weirdness & Mutations

You have very sharp teeth.
Your uncanny sense of smell can sniff out nearby items.
Your experience applies equally to all skills.


Message History

You suddenly lose the ability to move!
Grinder barely misses you. Grinder completely misses you.
Grinder gestures at you. You resist with significant effort.
You can move again.
Unknown command.
It was a potion of brilliance.
You feel clever all of a sudden. Grinder completely misses you.
You hit Grinder but do no damage.
Grinder is almost dead.
Grinder gestures at you.
You shrug off the repeated paralysis!
You hit Grinder.
Grinder is almost dead.
Grinder blinks!
k - a +1 pair of boots It was a potion of haste.
You feel yourself speed up.
It was a potion of berserk rage.
A red film seems to cover your vision as you go berserk!
You feel yourself moving faster!
You feel mighty!
You feel a strong urge to attack something.
Grinder says, "FISH!"
Grinder blinks!
You feel your anger nearly subside.
You are no longer berserk.
You are exhausted.
You feel yourself slow down.
You aren't carrying any items that you can evoke.
As you read the scroll labelled BALUIHAFIDGH, it crumbles to dust.
Magic quickly surges around you.
It was a scroll of vulnerability.
As you read the scroll labelled QALLIR TIBRYSA, it crumbles to dust.
The creatures around you are filled with an inner flame!
It was a scroll of immolation.
Grinder gestures at you.
You suddenly lose the ability to move!
Grinder hits you.
* * * LOW HITPOINT WARNING * * *
You writhe in agony.
You die...

#....# ####.#
#######.# ......#.#
##### ......#.#
####...# ......#.#
#....#
......#.####.#.#..#
......#......#.#..#
...†.....#####§#@.#
......##.#.. ..#5.#
......##.#.###.#..#
......##.#.#.).#.)#
......##.....#.#..#
##.#######.#......#
#.........#.#.##.#∆
###########.#.##.#
#.#.##.#


You could see Grinder (inner flame, weak-willed).

Vanquished Creatures
  An adder (D:2)
  A worm (D:2)
  2 dart slugs (D:1)
  2 bats (D:1)
  2 endoplasms (D:1)
  2 goblins
  4 hobgoblins (D:1)
  4 kobolds
  A quokka (D:2)
  2 ball pythons
  3 frilled lizards (D:1)
  5 rats
29 creatures vanquished.

Vanquished Creatures (others)
  A plant (D:1)
1 creature vanquished.

Grand Total: 30 creatures vanquished

Notes
Turn   | Place    | Note
-------+----------+-------------------------------------------
     0 | D:1      | sanboga the Gnoll Monk began the quest for the Orb.
     0 | D:1      | Reached XP level 1. HP: 23/23 MP: 1/1
   163 | D:1      | Reached XP level 2. HP: 28/29 MP: 2/2
   975 | D:2      | Reached XP level 3. HP: 35/35 MP: 3/3
  1080 | D:2      | Reached skill level 1 in Invocations
  1898 | D:3      | Found a faded altar of an unknown god.
  2026 | D:3      | Reached skill level 1 in Short Blades
  2026 | D:3      | Reached skill level 1 in Long Blades
  2026 | D:3      | Reached skill level 1 in Axes
  2026 | D:3      | Reached skill level 1 in Polearms
  2026 | D:3      | Reached skill level 1 in Staves
  2026 | D:3      | Reached skill level 1 in Ranged Weapons
  2026 | D:3      | Reached skill level 1 in Throwing
  2026 | D:3      | Reached skill level 1 in Armour
  2026 | D:3      | Reached skill level 1 in Shields
  2026 | D:3      | Reached skill level 1 in Unarmed Combat
  2026 | D:3      | Reached skill level 1 in Spellcasting
  2026 | D:3      | Reached skill level 1 in Evocations
  2039 | D:3      | Noticed Grinder
  2043 | D:3      | Paralysed by Grinder for 2 turns
  2061 | D:3      | Paralysed by Grinder for 4 turns
  2076 | D:3      | Paralysed by Grinder for 5 turns
  2079 | D:3      | Slain by Grinder

Illustrated notes

Levels and vault maps discovered:
D:1:      eino_arrival_cavern_d, layout_loops_corners, chequers_big_river
D:2:      layout_loops_ring, serial_rivers, chequers_serial_rivers_small_3,
          chequers_serial_rivers_micro_a, chequers_serial_rivers_marsh,
          chequers_serial_rivers_small_3, chequers_serial_rivers_small_a,
          chequers_serial_rivers_large_b
D:3:      kennysheep_the_goblin_king, layout_basic,
          ebering_ecumenical_altar_mist, minmay_tree_intersection, uniq_grinder

Skill      XL: |  1  2  3 |
---------------+----------+-----
Invocations    | 1 |  1.0
Short Blades   | 1 |  1.0
Long Blades    | 1 |  1.0
Axes           | 1 |  1.0
Polearms       | 1 |  1.0
Staves         | 1 |  1.0
Ranged Weapons | 1 |  1.0
Throwing       | 1 |  1.0
Armour         | 1 |  1.0
Shields        | 1 |  1.0
Unarmed Combat | 1 |  1.0
Spellcasting   | 1 |  1.0
Evocations     | 1 |  1.0
Fighting       | |  6.5
Maces & Flails | |  6.5
Dodging        | |  6.5
Stealth        | |  4.2
Conjurations   | |  0.7
Hexes          | |  0.7
Summonings     | |  0.7
Necromancy     | |  0.7
Translocations | |  0.7
Transmutations | |  0.7
Fire Magic     | |  0.7
Ice Magic      | |  0.7
Air Magic      | |  0.7
Earth Magic    | |  0.7
Poison Magic   | |  0.7

Action                   || total
-------------------------++-------
Melee: Mace              ||    53
       Bite              ||     5
       Flail             ||    37
  Use: Potion            ||     3
       Scroll            ||     2
 Stab: Sleeping          ||     8
Armor: Robe              ||     5
       Ring mail         ||     1
Dodge: Dodged            ||    48
